 Dungeon Crawl Stone Soup version 0.31-a0-859-g9dce7d3444 (webtiles) character file.

Game seed: 7508615931672513809

407 Azuregosa the Magician (level 7, -1/49 HPs)
             Began as a Djinni Wanderer on Oct 9, 2023.
             Was an Initiate of Hepliaklqana.
             Slain by a river rat (8 damage)
             ... on level 5 of the Dungeon.
             The game lasted 00:20:09 (3855 turns).

Azuregosa the Magician (Djinni Wanderer)            Turns: 3855, Time: 00:20:10

Health: -1/49      AC:  7    Str: 10    XL:     7   Next: 12%
Gold:   163        EV:  0    Int: 22    God:    Hepliaklqana [......] SH: 12 Dex: 13

rFire   + + .        g - +2 dagger (venom)
rCold   x . .        o - +0 tower shield
rNeg    + . .        s - +0 scale mail
rPois   ∞            (no helmet)
rElec   .            d - +0 cloak
rCorr   .            (no gloves)
SInv    .            (boots unavailable)
Will    .....        (no amulet) Stlth
                     l - +6 ring of intelligence
HPRegen 0.28/turn    x - ring of positive energy
MPRegen 0.00/turn

%: infuse magic (-2 HP)
@: flying, constricted
A: sickness immunity, fire resistance 2, cold vulnerability 1, float, innate
caster, HP casting, extra vitality 1
a: Renounce Religion


You were on level 5 of the Dungeon.
You worshipped Hepliaklqana.
Hepliaklqana was noncommittal.
You visited 2 branches of the dungeon, and saw 6 of its levels.

You collected 163 gold pieces.

Inventory:

Hand Weapons
 g - a +2 dagger of venom (weapon)
Missiles
 A - 2 atropa-tipped darts
Armour
 d - a +0 cloak (worn)
 o - a +0 tower shield (worn)
 s - a +0 scale mail (worn)
Jewellery
 l - a +6 ring of intelligence (left hand)
 x - a ring of positive energy (right hand)
Wands
 a - a wand of charming (6)
Scrolls
 e - 3 scrolls of identify {unknown}
 i - a scroll of noise {unknown}
 m - a scroll of vulnerability {unknown}
 n - 5 scrolls of teleportation {unknown}
 r - 3 scrolls of poison {unknown}
 u - 2 scrolls of revelation {unknown}
 v - a scroll of butterflies {unknown}
 w - a scroll of enchant armour {unknown}
 y - a scroll of fear {unknown}
Potions
 b - 2 potions of might
 f - 3 potions of curing {unknown}
 h - 3 potions of brilliance {unknown}
 j - a potion of berserk rage {unknown}
 k - 2 potions of enlightenment {unknown}
 p - 3 potions of heal wounds {unknown}
 q - 2 potions of mutation {unknown}
 t - 3 potions of degeneration {unknown}


   Skills:
 + Level 2.5 Fighting
 + Level 2.2 Armour
 + Level 2.4 Dodging
 - Level 1.5 Stealth
 + Level 2.7 Shields
 + Level 4.5 Spellcasting
 + Level 4.5 Conjurations
 + Level 4.5 Hexes
 + Level 4.5 Summonings
 + Level 4.5 Necromancy
 + Level 4.5 Translocations
 + Level 4.5 Transmutations
 + Level 4.5 Fire Magic
 + Level 4.5 Ice Magic
 + Level 4.5 Air Magic
 + Level 4.5 Earth Magic
 + Level 4.5 Poison Magic


You knew the following spells:

 Your Spells              Type           Power      Damage    Failure   Level
a - Mephitic Cloud        Conj/Pois/Air  25%        N/A       100%        3
b - Sting                 Tmut/Pois      100%       1d8       98%         1
c - Ensorcelled Hibernat  Hex/Ice        50%        N/A       99%         2
d - Poisonous Vapours     Pois/Air       50%        N/A       99%         2
e - Jinxbite              Hex            50%        N/A       99%         2
f - Freeze                Ice            100%       1d10      98%         1
g - Static Discharge      Conj/Air       50%        2-5/arc   99%         2
h - Scorch                Fire           50%        2d7       99%         2

Your spell library contained the following spells:

 Spells                   Type           Power      Damage    Failure   Level


Dungeon Overview and Level Annotations

Branches:
Dungeon (5/15)             Temple (1/1) D:4

Altars:
Ashenzari
Cheibriados
Dithmenos
Elyvilon
Fedhas
Hepliaklqana
Makhleb
Okawaru
Qazlal
Ru
Trog
Xom
Yredelemnul
The Shining One

Shops:
D:1 (   D:2 :

Portals:
Sewer: D:5


Innate Abilities, Weirdness & Mutations

You are immune to sickness and miasma.
You are immune to poison.
Your flesh is very heat resistant. (rF++)
You are vulnerable to cold. (rC-)
You float through the air rather than walking.
You learn spells naturally, not from books.
Your magical power is your life essence.
You have superior vitality. (+4 MHP)


Message History

You block the giant cockroach's attack. The worm bites you but does no damage.
You block the ball python's attack. The ball python constricts you.
The river rat bites you but does no damage.
You barely miss the river rat.
The river rat is moderately wounded.
The giant cockroach bites you but does no damage. x2
The ball python bites you. The ball python constricts you.
The giant cockroach bites you but does no damage.
The river rat bites you but does no damage.
You block the giant cockroach's attack. The worm bites you but does no damage.
The ball python bites you. The ball python constricts you.
You completely miss the river rat.
The river rat is severely wounded.
The giant cockroach bites you.
The giant cockroach bites you but does no damage.
The river rat twitches its whiskers.
The river rat bites you.
The ball python bites you but does no damage.
The ball python constricts you.
The giant cockroach bites you but does no damage. x2
The river rat bites you!
* * * LOW HITPOINT WARNING * * *
The worm bites you.
* * * LOW HITPOINT WARNING * * *
You closely miss the river rat.
The river rat is almost dead.
You kill the river rat!
You block the ball python's attack. The ball python constricts you.
* * * LOW HITPOINT WARNING * * *
The giant cockroach bites you but does no damage. x2
You block the ball python's attack. The ball python constricts you.
The giant cockroach bites you.
* * * LOW HITPOINT WARNING * * *
The giant cockroach bites you but does no damage.
You hit the river rat but do no damage. The ball python bites you.
* * * LOW HITPOINT WARNING * * *
The ball python constricts you. The giant cockroach bites you.
* * * LOW HITPOINT WARNING * * *
The river rat bites you!
You die...

### ######
#~~~#~~~.##
#~∩~#~~~..#
#~~~rS....#
##+##@~...#
#~~~wBB...#
#...~~†...#
#~~~......#
#.........#
#...#####.#
###. #.#
#...###.#
###.....#


You could see a worm, a river rat, 2 giant cockroaches and a ball python.

Vanquished Creatures
  A scorpion (D:4)
  2 orc priests
  A hound (D:5)
  An iguana (D:5)
  2 orc wizards (D:4)
  4 adders
  A river rat (D:5)
  2 worms
  3 dart slugs
  9 orcs
  9 endoplasms
  2 giant cockroaches
  10 goblins
  8 hobgoblins
  3 jackals (D:3)
  10 kobolds
  3 quokkas (D:2)
  8 ball pythons
  7 bats
  3 frilled lizards
  11 rats
100 creatures vanquished.

Vanquished Creatures (collateral kills)
  An iguana (D:5)
1 creature vanquished.

Vanquished Creatures (others)
  An ice beast (D:5)
1 creature vanquished.

Grand Total: 102 creatures vanquished

Notes
Turn   | Place    | Note
-------+----------+-------------------------------------------
     0 | D:1      | Azuregosa the Djinni Wanderer began the quest for the Orb.
     0 | D:1      | Azuregosa set off with the following items: a +0 dagger, a
                  | potion of might, a +0 robe, a +0 cloakthe following spells
                  | memorised: Mephitic Cloud, Sting, Ensorcelled Hibernation,
                  | Poisonous Vapours, Jinxbite.
     0 | D:1      | Reached XP level 1. HP: 17/17 MP: 0/0
   128 | D:1      | Reached XP level 2. HP: 22/22 MP: 0/0
   534 | D:1      | Found Gaqyck's Weapon Shop.
   610 | D:1      | Reached XP level 3. HP: 27/27 MP: 0/0
   610 | D:1      | Learned a level 1 spell: Freeze
  1143 | D:2      | Reached XP level 4. HP: 20/32 MP: 0/0
  1155 | D:2      | Reached skill level 1 in Shields
  1598 | D:2      | Found Jeluh's Book Shop.
  2127 | D:3      | Reached XP level 5. HP: 37/37 MP: 0/0
  2127 | D:3      | Learned a level 2 spell: Static Discharge
  2619 | D:4      | Found a shimmering altar of Xom.
  2876 | D:4      | Reached skill level 1 in Armour
  2876 | D:4      | Reached skill level 1 in Dodging
  2930 | D:4      | Found a burning altar of Makhleb.
  2936 | D:4      | Found a staircase to the Ecumenical Temple.
  2945 | Temple   | Entered the Ecumenical Temple
  2972 | Temple   | Became a worshipper of Hepliaklqana the Forgotten
  3151 | D:4      | Reached XP level 6. HP: 43/43 MP: 0/0
  3233 | D:4      | Found a stormy altar of Qazlal.
  3510 | D:5      | Entered Level 5 of the Dungeon
  3647 | D:5      | Noticed an ice beast
  3655 | D:5      | Reached XP level 7. HP: 7/49 MP: 0/0
  3655 | D:5      | Learned a level 2 spell: Scorch
  3846 | D:5      | Found a glowing drain.
  3855 | D:5      | Slain by a river rat

Illustrated notes

Levels and vault maps discovered:
D:1:      dpeg_arrival_chambers_temple_mockup, layout_loops_cross, serial_shops,
          nicolae_shop_bloodbath_and_beyond, corexii_hall_statues_l,
          minmay_misc_feat_chi, dk_noncrumbling_4, minivault_14,
          minmay_pentomino_t4
D:2:      layout_loops_ring, serial_shops, nicolae_shop_behind_doors,
          minmay_tripent
D:3:      layout_rooms, reono_crystal_passage
D:4:      layout_loops_ring, marbit_many_paths, old_standard_altar,
          lemuel_round_altar, minmay_temple_entry_trees
D:5:      layout_loops_cross, kennysheep_vampire_church, portal_sewer_entry_e,
          hellmonk_no_cap
Temple:   hellmonk_temple_two_chambers

Skill      XL: |  1  2  3  4  5  6 |
---------------+-------------------+-----
Spellcasting   | 4 |  4.5
Conjurations   | 4 |  4.5
Hexes          | 4 |  4.5
Summonings     | 4 |  4.5
Necromancy     | 4 |  4.5
Translocations | 4 |  4.5
Transmutations | 4 |  4.5
Fire Magic     | 4 |  4.5
Ice Magic      | 4 |  4.5
Air Magic      | 4 |  4.5
Earth Magic    | 4 |  4.5
Poison Magic   | 4 |  4.5
Shields        | 1 2 |  2.7
Armour         | 1 2 |  2.2
Dodging        | 1 2 |  2.4
Fighting       | 2 |  2.5
Stealth        | |  1.5

Action                     |  1- 3 |  4- 6 |  7- 9 || total
---------------------------+-------+-------+-------++-------
  Melee: Dagger            |    68 |   220 |    11 ||   299
   Cast: Sting             |     9 |       |       ||     9
         Jinxbite          |     4 |       |       ||     4
  Evoke: Wand              |       |     2 |       ||     2
   Stab: Sleeping          |     7 |     2 |       ||     9
 Armour: Robe              |    41 |     8 |       ||    49
         Scale mail        |       |   152 |    46 ||   198
  Dodge: Dodged            |    33 |    29 |       ||    62
  Block: Tower shield      |       |   151 |    24 ||   175

Table legend: (Time is in decaauts)
 A = Elapsed time spent in this place.
 B = Non-inter-level travel time spent in this place.
 C = Inter-level travel time spent in this place.
 D = Time resting spent in this place.
 E = Time spent auto-exploring this place.
 F = Levels seen in this place.
 G = Mean time per level.
                   A        B        C        D        E       F      G
               +--------+--------+--------+--------+--------+-----+--------+
         Total |   3973 |   3864 |    109 |    164 |   2383 |   6 |  662.2 |
       Dungeon |   3937 |   3828 |    109 |    164 |   2383 |   5 |  787.4 |
        Temple |     36 |     36 |      0 |      0 |      0 |   1 |   36.0 |
               +--------+--------+--------+--------+--------+-----+--------+

Top non-repeatable levels by time:
     D:4: 965 daAuts
     D:2: 943 daAuts
     D:1: 939 daAuts
     D:3: 759 daAuts
     D:5: 329 daAuts
  Temple: 36 daAuts
